 Dungeon Crawl Stone Soup version 0.29-a0-266-gf56f883ddd (webtiles) character file.

Game seed: 12234456105235957945

645 spaghetti the Skirmisher (level 7, -7/70 HPs)
             Began as a Deep Dwarf Chaos Knight on Mar 6, 2022.
             Was a Plaything of Xom.
             Mangled by Prince Ribbit (11 damage)
             ... on level 5 of the Dungeon.
             The game lasted 00:07:10 (2742 turns).

spaghetti the Skirmisher (Deep Dwarf Chaos Knight)  Turns: 2742, Time: 00:07:12

Health: -7/70      AC: 12    Str: 17 (18) XL:     7   Next: 27%
Magic:  7/7        EV: 11    Int: 10 (12) God:    Xom [....*.]
Gold:   123        SH:  0    Dex: 14      Spells: 6/6 levels left

rFire   . . .      SeeInvis .   a - +1 falchion (chaos) {long}
rCold   . . .      Faith    .   (no shield)
rNeg    . . .      Spirit   .   b - +3 leather armour
rPois   .          Reflect  .   g - +0 helmet
rElec   .          Harm     .   (no cloak)
rCorr   .          Rampage  .   (no gloves)
Will    +....                   (no boots)
Stlth   +.........              (no amulet)
HPRegen 0.00/turn               i - +4 ring of protection
MPRegen 0.10/turn               (no ring)

@: unable to read
A: damage resistance, heal wounds, sense surroundings 1, no regeneration, agile
1, screaming 1, inability to read while threatened
a: Heal Wounds, Renounce Religion


You were on level 5 of the Dungeon.
You worshipped Xom.
You were a beloved toy of Xom.
You visited 1 branch of the dungeon, and saw 5 of its levels.

You collected 123 gold pieces.


Innate Abilities, Weirdness & Mutations

You are resistant to damage.
You can heal yourself by infusing magical energy.
You passively map a small area around you.
You do not regenerate.
You are agile. (Dex +2)
You occasionally shout uncontrollably at your foes.
You sometimes lose the ability to read scrolls when taking damage.


   Skills:
 + Level 6.3 Fighting
 - Level 3.0 Long Blades
 + Level 5.6 Armour
 - Level 1.1 Dodging


You had 6 spell levels left.
You didn't know any spells.
Your spell library was empty.

Inventory:

Hand Weapons
 a - a +1 falchion of chaos (weapon) {long}
 k - a +0 mace {mace}
   (You found it on level 1 of the Dungeon)
 s - a +2 whip of draining {mace}
   (You took it off an orc priest on level 4 of the Dungeon)
Missiles
 e - 92 stones {throwing}
 l - 4 poisoned darts {throwing}
 q - 6 javelins {throwing}
Armour
 b - a +3 leather armour (worn)
 g - a +0 helmet (worn)
   (You found it on level 1 of the Dungeon)
Magical Staves
 u - a staff of death {!astaff}
   (You found it on level 4 of the Dungeon)
Jewellery
 i - a +4 ring of protection (left hand)
   (You found it on level 1 of the Dungeon)
 m - an amulet of magic regeneration {@e2}
   (You took it off an orc wizard on level 3 of the Dungeon)
 p - a ring of fire
   (You found it on level 3 of the Dungeon)
 r - a ring of fire
   (You took it off a goblin on level 3 of the Dungeon)
Wands
 t - a wand of polymorph (8)
   (You found it on level 4 of the Dungeon)
Scrolls
 f - 3 scrolls of teleportation {@r4}
 h - a scroll of magic mapping {!r}
 n - 3 scrolls of immolation {!r!r}
 o - a scroll of noise {!r}
Potions
 d - 2 potions of brilliance
 j - a potion of lignification {!q}
Miscellaneous
 c - a piece from Xom's chessboard (15/15) (quivered)

Dungeon Overview and Level Annotations

Branches:
Dungeon (5/15)             Temple (0/1) D:5

Altars:

Annotations:
D:5 Prince Ribbit

##........#####.... ,^ *
#...#......##...=.# .#
...##.#.......(...###...
*
..........<.............,
,
.......#...oo.........P.
##...####....oo..>.....>
, ##...# ##......W##.<.P.
#..#.####....#JF##......
..##...#....##.o@.......
.#####......###.........
..## ##...#..###........
...###.............#.#..
....#.......##..#..# # .
.#.......#...#.##...,*, ,
###.....###....# ....,
##.....#...##.. ....>
#.........## ...


You could see Prince Ribbit, a jelly, 2 orc priests, 2 orc wizards and an orc.


Message History

The ice beast freezes you!
You feel threatened and lose the ability to read scrolls!
* * * LOW HITPOINT WARNING * * *
😨 HP[-10]
You take 10 damage, and now have 21/66 hp.
You barely miss the ice beast. The ice beast closely misses you.
Unknown command.
You hit the ice beast.
You can read scrolls again.
The ice beast completely misses you.
You closely miss the ice beast. The ice beast barely misses you.
You barely miss the ice beast.
You kill the ice beast!
You feel your dexterity returning.
Your life force feels restored. 😨 HP[+1]
You now have 70 max hp (+4).
Okay, then.
An iguana comes into view.
The iguana hisses angrily.
You feel much better. 😮 HP[+21]
You regained 21 hp, and now have 43/70 hp.
You hit the iguana. You burn the iguana. The iguana misses you.
The iguana barely misses you.
You hit the iguana.
The iguana is poisoned.
The iguana bites you but does no damage.
You hit the iguana but do no damage.
The iguana bites you but does no damage.
You completely miss the iguana. The iguana bites you.
You feel threatened and lose the ability to read scrolls! 😮 HP[-5]
You take 5 damage, and now have 38/70 hp.
You barely miss the iguana. You punch the iguana.
You can read scrolls again.
The iguana bites you.
You hit the iguana.
The iguana looks as sick as possible!
The iguana barely misses you.
You hit the iguana.
The iguana seems to grow stronger.
The iguana barely misses you.
You hit the iguana.
The iguana seems to slow down.
You freeze the iguana.
You kill the iguana!
You feel your strength returning.
An orc wizard comes into view. It is wielding a +0 dagger.
An orc wizard is nearby!
An orc wizard is nearby!
You are too injured to fight recklessly!
An orc priest comes into view. It is wielding a +0 mace.
Found a stone staircase leading down.
A phantom comes into view.
An orc priest comes into view. It is wielding a +0 club.
Prince Ribbit and a jelly come into view.
Found a stone staircase leading up.
The orc wizard shouts!
The jelly quivers.
The orc priest looks braver for a moment.
The orc priest shouts!
Found a staircase to the Ecumenical Temple.
The jelly closely misses you.
You hit the jelly.
You feel better.
Your hands burn!
The jelly hits you but does no damage.
The orc priest calls down the wrath of Beogh upon you.
Beogh smites you!
You feel threatened and lose the ability to read scrolls!
* * * LOW HITPOINT WARNING * * *
Prince Ribbit hits you but does no damage.
The jelly closely misses you. 😨 HP[-12]
You take 12 damage, and now have 26/70 hp.
You cannot read scrolls in your current state!
Unknown command.
The jelly attacks as you move away! The jelly closely misses you.
An orc comes into view. It is wielding a +0 war axe.
The phantom barely misses you.
The orc priest casts a cantrip, but nothing happens.
An orc wizard comes into view. It is wielding a +0 dagger.
The orc wizard points at you and mumbles some strange words.
The puff of flame misses you.
Unknown command.
The orc shouts!
The orc wizard shouts!
The orc priest calls down the wrath of Beogh upon you.
Beogh smites you!
* * * LOW HITPOINT WARNING * * *
The phantom hits you!
* * * LOW HITPOINT WARNING * * *
😱 HP[-14]
You take 14 damage, and now have 12/70 hp.
The phantom attacks as you move away! The phantom misses you.
Found a stone staircase leading down.
Prince Ribbit closely misses you.
Okay, then.
You cannot read scrolls in your current state!
You fail to use your ability.
Prince Ribbit hits you!
* * * LOW HITPOINT WARNING * * *
The orc priest looks encouraged for a moment. 😱 HP[-8]
You take 8 damage, and now have 4/70 hp.
You fail to use your ability.
Prince Ribbit barely misses you. Prince Ribbit hits you!
You die...
Xom roars with laughter!

Skill      XL: |  1  2  3  4  5  6 |
---------------+-------------------+-----
Fighting       | 3 4 5 6 |  6.3
Armour         | 3 4 5 |  5.6
Long Blades    | |  3.0
Dodging        | |  1.1

Action                   |  1- 3 |  4- 6 |  7- 9 || total
-------------------------+-------+-------+-------++-------
Melee: Falchion          |    97 |   195 |    24 ||   316
       Punch             |       |     2 |     1 ||     3
 Abil: Heal Wounds       |       |     3 |     1 ||     4
Evoke: Piece from Xom's  |     3 |     2 |       ||     5
  Use: Scroll            |     7 |     2 |       ||     9
       Potion            |     1 |     8 |     1 ||    10
 Stab: Paralysed         |       |     2 |       ||     2
       Confused          |       |     1 |     2 ||     3
Armor: Leather armour    |    64 |   109 |     6 ||   179
       Skin              |       |    86 |       ||    86
Dodge: Dodged            |    71 |   135 |    21 ||   227

Levels and vault maps discovered:
D:1:      dpeg_arrival_radiant, layout_loops_ring
D:2:      layout_loops_ring, serial_bayou_pond_d
D:3:      cheibrodos_old_hovel, layout_loops_cross, minivault_26, uniq_natasha,
          uniq_robin, uniq_pargi
D:4:      layout_basic
D:5:      layout_cave_pools, minmay_temple_entry_trees, uniq_prince_ribbit1

Notes
Turn   | Place    | Note
-------+----------+-------------------------------------------
     0 | D:1      | spaghetti the Deep Dwarf Chaos Knight began the quest for
                  | the Orb.
     0 | D:1      | Reached XP level 1. HP: 20/20 MP: 1/1
     0 | D:1      | magus.rc [v1.9.6]
   465 | D:1      | Reached skill level 3 in Fighting
   555 | D:1      | XOM: silly message
   814 | D:2      | Reached XP level 2. HP: 23/28 MP: 2/2
  1055 | D:2      | XOM: noise
  1103 | D:2      | XOM: god gift: scroll labelled RIUNAA BIQEKAO {god gift}
  1238 | D:2      | Reached XP level 3. HP: 36/36 MP: 3/3
  1269 | D:2      | Reached skill level 4 in Fighting
  1633 | D:3      | Reached XP level 4. HP: 35/45 MP: 4/4
  1681 | D:3      | Noticed Pargi
  1694 | D:3      | Killed Pargi
  1695 | D:3      | Reached skill level 5 in Fighting
  1695 | D:3      | Reached skill level 3 in Armour
  1695 | D:3      | Reached XP level 5. HP: 24/52 MP: 5/5
  1757 | D:3      | Noticed Natasha
  1765 | D:3      | XOM: enchant monster (good)
  1768 | D:3      | Killed Natasha
  1769 | D:3      | Reached skill level 4 in Armour
  1769 | D:3      | Reached XP level 6. HP: 30/61 MP: 6/6
  1792 | D:3      | XOM: give mutations
  1792 | D:3      | Gained mutation: You have an increased reservoir of magic.
                  | (+10% MP) [Xom's mischief]
  1792 | D:3      | Gained mutation: You occasionally shout uncontrollably at
                  | your foes. [Xom's mischief]
  1792 | D:3      | Gained mutation: You are clumsy. (Dex -2) [Xom's mischief]
  1794 | D:3      | Noticed Robin
  1816 | D:3      | HP: 15/61 [hobgoblin[Robin] (4)]
  1835 | D:3      | Killed Robin
  1859 | D:3      | Noticed Natasha
  1860 | D:3      | Lost mutation: You are clumsy. (Dex -2) [potion of
                  | mutation]
  1860 | D:3      | Lost mutation: You have an increased reservoir of magic.
                  | (+10% MP) [potion of mutation]
  1860 | D:3      | Gained mutation: You are agile. (Dex +2) [potion of
                  | mutation]
  1860 | D:3      | Gained mutation: You sometimes lose the ability to read
                  | scrolls when taking damage. [potion of mutation]
  1868 | D:3      | Killed Natasha
  1992 | D:3      | Noticed Natasha
  1999 | D:3      | Killed Natasha
  2261 | D:3      | XOM: confuse monster(s)
  2378 | D:4      | XOM: 2-stop teleportation journey
  2521 | D:4      | XOM: silly message
  2543 | D:4      | Reached skill level 5 in Armour
  2547 | D:4      | XOM: torment (18/60 hp)
  2550 | D:4      | HP: 11/59 [orc priest/+2 whip of draining (5)]
  2553 | D:4      | Reached skill level 6 in Fighting
  2629 | D:4      | You fall into a shaft and drop 1 floor!
  2629 | D:5      | Entered Level 5 of the Dungeon
  2662 | D:5      | XOM: chaos upgrade
  2672 | D:5      | Reached XP level 7. HP: 32/66 MP: 7/7
  2683 | D:5      | XOM: confusion (+ monsters)
  2734 | D:5      | Noticed Prince Ribbit
  2736 | D:5      | Found a staircase to the Ecumenical Temple.
  2739 | D:5      | HP: 17/70 [orc priest/divine providence (9)]
  2741 | D:5      | HP: 4/70 [Prince Ribbit (8)]
  2742 | D:5      | Mangled by Prince Ribbit

Vanquished Creatures
  Pargi (D:3)
  An ice beast (D:5)
  3 orc priests
  A hound (D:4)
  An iguana (D:5)
  Natasha (twice) (D:3)
  2 orc wizards (D:3)
  Robin (D:3)
  4 adders
  4 gnolls (D:5)
  4 worms
  2 dart slugs
  11 orcs
  4 bats
  8 endoplasms
  4 giant cockroaches
  15 goblins
  10 hobgoblins
  5 kobolds
  A ball python (D:1)
  3 frilled lizards
  4 rats
91 creatures vanquished.

Vanquished Creatures (collateral kills)
  Natasha (D:3)
1 creature vanquished.

Vanquished Creatures (others)
  4 plants (D:3)
4 creatures vanquished.

Grand Total: 96 creatures vanquished

Table legend:
 A = Non-vault XP
 B = Vault XP
 C = Vault XP percentage of total XP
 D = Non-vault monster count
 E = Vault monster count
 F = Vault count percentage of total count
                 A         B        C        D         E       F
            +---------+---------+-------+---------+---------+-------
      Total |     718 |     204 |  22.1 |      77 |      15 |  16.3
            +---------+---------+-------+---------+---------+-------
        D:1 |       8 |       0 |   0.0 |       5 |       0 |   0.0
        D:2 |      51 |       0 |   0.0 |      21 |       0 |   0.0
        D:3 |     280 |     204 |  42.1 |      30 |      15 |  33.3
        D:4 |     157 |       0 |   0.0 |      15 |       0 |   0.0
        D:5 |     222 |       0 |   0.0 |       6 |       0 |   0.0
            +---------+---------+-------+---------+---------+-------

Illustrated notes

Table legend:
 A = Kills in this place as a percentage of kills in entire the game.
 B = Kills by you in this place as a percentage of kills by you in the entire game.
 C = Kills by friends in this place as a percentage of kills by friends in the entire game.
 D = Other kills in this place as a percentage of other kills in the entire game.
 E = Experience gained in this place as a percentage of experience gained in the entire game.
 F = Experience gained in this place divided by the number of levels of this place that you have seen.
                   A       B       C       D       E      F
               +-------+-------+-------+-------+-------+----------------------
         Total | 100.0 | 100.0 | 100.0 |   N/A | 100.0 | 184.4
       Dungeon | 100.0 | 100.0 | 100.0 |   N/A | 100.0 | 184.4
               +-------+-------+-------+-------+-------+----------------------

Table legend: (Time is in decaauts)
 A = Elapsed time spent in this place.
 B = Non-inter-level travel time spent in this place.
 C = Inter-level travel time spent in this place.
 D = Time resting spent in this place.
 E = Time spent auto-exploring this place.
 F = Levels seen in this place.
 G = Mean time per level.
                   A        B        C        D        E       F      G
               +--------+--------+--------+--------+--------+-----+--------+
         Total |   2788 |   2651 |    137 |     55 |   1881 |   5 |  557.6 |
       Dungeon |   2788 |   2651 |    137 |     55 |   1881 |   5 |  557.6 |
               +--------+--------+--------+--------+--------+-----+--------+

Top non-repeatable levels by time:
     D:2: 839 daAuts
     D:3: 764 daAuts
     D:1: 753 daAuts
     D:4: 313 daAuts
     D:5: 117 daAuts
